[Event "94th FRA-ch 2019"]
[Site "Chartres"]
[Date "2019.08.17"]
[Round "1.3"]
[White "Favarel, Julien"]
[Black "Gharamian, Tigran"]
[Result "0-1"]
[ECO "A46"]
[WhiteElo "2333"]
[BlackElo "2586"]
[Annotator "ChessBase"]
[PlyCount "80"]
[EventDate "2019.08.17"]
[EventType "tourn"]
[EventCountry "FRA"]
[SourceTitle "playchess.com"]
[Source "ChessBase"]
[SourceQuality "1"]
[TimeControl "40/5400+30:1800+30"]

1. d4 Nf6 2. Nf3 b6 3. Bg5 Bb7 4. Nbd2 e6 5. e3 h6 6. Bh4 Be7 7. h3 d5 8. c3 Nbd7 9. Be2 Bd6 10. Nf1 c5 11. Bg3 Bc7 12. Bxc7 Qxc7 13. N1d2 O-O 14. O-O e5 15. dxe5 Nxe5 16. Nxe5 Qxe5 17. Nf3 Qc7 18. Rc1 Rad8 19. b4 Ne4 20. Qc2 Rd6 21. bxc5 bxc5 22. Nd2 Nf6 23. Rb1 Bc8 24. Qa4 Bf5 25. Rb2 Rb6 26. Qa3 Rfb8 27. Rb3 Bc2 28. Rxb6 axb6 29. c4 Bf5 30. cxd5 Nxd5 31. e4 Nf4 32. Bc4 Be6 33. Bxe6 Nxe6 34. Qb2 Qf4 35. g3 Qc7 36. a4 Qd7 37. h4 Qxa4 38. Ra1 Qd4 39. Qxd4 Nxd4 40. Rb1 b5 0-1

[Event "94th FRA-ch 2019"]
[Site "Chartres"]
[Date "2019.08.17"]
[Round "1.5"]
[White "Maze, Sebastien"]
[Black "Moussard, Jules"]
[Result "0-1"]
[ECO "B48"]
[WhiteElo "2554"]
[BlackElo "2595"]
[Annotator "ChessBase"]
[PlyCount "52"]
[EventDate "2019.08.17"]
[EventType "tourn"]
[EventCountry "FRA"]
[SourceTitle "playchess.com"]
[Source "ChessBase"]
[SourceQuality "1"]
[TimeControl "40/5400+30:1800+30"]

1. e4 c5 2. Nc3 e6 3. Nge2 Nc6 4. d4 cxd4 5. Nxd4 Qc7 6. Be3 a6 7. Qf3 Nf6 8. O-O-O Be7 9. Be2 d6 10. g4 Nxd4 11. Rxd4 b5 12. g5 Nd7 13. Qg3 Bb7 14. Rhd1 Rc8 15. Kb1 O-O 16. f4 Nc5 17. Bf3 Na4 18. R1d3 Nb6 19. Rd1 Nc4 20. Bc1 b4 21. Ne2 e5 22. fxe5 Nxe5 23. c3 a5 24. Bd2 Nc4 25. Rc1 Qb6 26. cxb4 Qxd4 0-1

[Event "94th FRA-ch 2019"]
[Site "Chartres"]
[Date "2019.08.18"]
[Round "2.2"]
[White "Fressinet, Laurent"]
[Black "Lagarde, Maxime"]
[Result "1-0"]
[ECO "D85"]
[WhiteElo "2625"]
[BlackElo "2626"]
[Annotator "ChessBase"]
[PlyCount "75"]
[EventDate "2019.08.17"]
[EventType "tourn"]
[EventCountry "FRA"]
[SourceTitle "playchess.com"]
[Source "ChessBase"]
[SourceQuality "1"]
[TimeControl "40/5400+30:1800+30"]

1. d4 Nf6 2. Nf3 g6 3. c4 Bg7 4. Nc3 d5 5. cxd5 Nxd5 6. e4 Nxc3 7. bxc3 c5 8. Be3 Qa5 9. Qd2 O-O 10. Rc1 Bg4 11. Ng5 Nc6 12. h3 cxd4 13. cxd4 Bd7 14. d5 Qxd2+ 15. Kxd2 Na5 16. Bd3 Rfd8 17. Bf4 e5 18. Be3 Bf8 19. f4 exf4 20. Bxf4 Rdc8 21. e5 Ba3 22. Rxc8+ Rxc8 23. Ne4 Bf5 24. Nf6+ Kg7 25. Nh5+ gxh5 26. Bxf5 Rc4 27. Be3 Bc5 28. Bd3 b6 29. Rf1 Ra4 30. Bxc5 bxc5 31. e6 fxe6 32. dxe6 Nc4+ 33. Bxc4 Rxc4 34. Rf7+ Kg6 35. Rxa7 h4 36. a4 Kf6 37. e7 Kf7 38. a5 1-0

[Event "94th FRA-ch 2019"]
[Site "Chartres"]
[Date "2019.08.18"]
[Round "2.3"]
[White "Moussard, Jules"]
[Black "Cornette, Matthieu"]
[Result "1/2-1/2"]
[ECO "A03"]
[WhiteElo "2595"]
[BlackElo "2555"]
[Annotator "ChessBase"]
[PlyCount "96"]
[EventDate "2019.08.17"]
[EventType "tourn"]
[EventCountry "FRA"]
[SourceTitle "playchess.com"]
[Source "ChessBase"]
[SourceQuality "1"]
[TimeControl "40/5400+30:1800+30"]

1. f4 d5 2. Nf3 Nf6 3. g3 e6 4. Bg2 Be7 5. O-O b5 6. d3 Bb7 7. a4 b4 8. e4 dxe4 9. Ng5 Na6 10. Nxe4 Bxe4 11. Bxe4 Qd4+ 12. Kg2 Nxe4 13. Qf3 Nac5 14. dxe4 Qxe4 15. Nd2 Qxf3+ 16. Kxf3 Rd8 17. Nc4 Nb7 18. Be3 a5 19. c3 f6 20. Rac1 Rd5 21. Rf2 O-O 22. Rfc2 Rfd8 23. Nd2 Nc5 24. Bxc5 Bxc5 25. Nc4 bxc3 26. bxc3 Bf8 27. Rb1 Rc5 28. Ne3 Rd3 29. Rb3 e5 30. Ke4 Rd8 31. Rb5 exf4 32. Rxc5 Bxc5 33. Nc4 fxg3 34. hxg3 Rd1 35. Rb2 Ra1 36. Rb8+ Bf8 37. Rc8 Rxa4 38. Rxc7 Bd6 39. Rc8+ Kf7 40. g4 Be7 41. Rc7 g6 42. Kd5 Ra1 43. Ra7 Rd1+ 44. Ke4 Re1+ 45. Kd3 h5 46. gxh5 gxh5 47. Kd2 Rh1 48. Ne3 a4 1/2-1/2

[Event "94th FRA-ch 2019"]
[Site "Chartres"]
[Date "2019.08.18"]
[Round "2.4"]
[White "Gozzoli, Yannick"]
[Black "Feller, Sebastien"]
[Result "1/2-1/2"]
[ECO "D31"]
[WhiteElo "2614"]
[BlackElo "2577"]
[Annotator "ChessBase"]
[PlyCount "24"]
[EventDate "2019.08.17"]
[EventType "tourn"]
[EventCountry "FRA"]
[SourceTitle "playchess.com"]
[Source "ChessBase"]
[SourceQuality "1"]
[TimeControl "40/5400+30:1800+30"]

1. d4 d5 2. c4 e6 3. Nc3 c6 4. Nf3 dxc4 5. a4 Bb4 6. g3 c5 7. Be3 Ne7 8. Bg2 Nbc6 9. dxc5 Qxd1+ 10. Rxd1 Nd5 11. Bd2 Nxc3 12. Bxc3 Bxc3+ 1/2-1/2

[Event "94th FRA-ch 2019"]
[Site "Chartres"]
[Date "2019.08.18"]
[Round "2.5"]
[White "Gharamian, Tigran"]
[Black "Maze, Sebastien"]
[Result "1/2-1/2"]
[ECO "B40"]
[WhiteElo "2586"]
[BlackElo "2554"]
[Annotator "ChessBase"]
[PlyCount "35"]
[EventDate "2019.08.17"]
[EventType "tourn"]
[EventCountry "FRA"]
[SourceTitle "playchess.com"]
[Source "ChessBase"]
[SourceQuality "1"]
[TimeControl "40/5400+30:1800+30"]

1. e4 c5 2. Nf3 e6 3. g3 Nc6 4. Bg2 Nf6 5. Qe2 e5 6. O-O Be7 7. c3 O-O 8. Rd1 d5 9. d4 cxd4 10. exd5 Qxd5 11. Nxd4 e4 12. Nxc6 Qxc6 13. h3 Bf5 14. Be3 Qe6 15. Kh2 Nd5 16. Bd4 Bg6 17. c4 Nb4 18. Nc3 1/2-1/2

[Event "94th FRA-ch 2019"]
[Site "Chartres"]
[Date "2019.08.19"]
[Round "3.2"]
[White "Cornette, Matthieu"]
[Black "Gharamian, Tigran"]
[Result "1/2-1/2"]
[ECO "B96"]
[WhiteElo "2555"]
[BlackElo "2586"]
[Annotator "ChessBase"]
[PlyCount "89"]
[EventDate "2019.08.17"]
[EventType "tourn"]
[EventCountry "FRA"]
[SourceTitle "playchess.com"]
[Source "ChessBase"]
[SourceQuality "1"]
[TimeControl "40/5400+30:1800+30"]

1. e4 c5 2. Nf3 d6 3. d4 cxd4 4. Nxd4 Nf6 5. Nc3 a6 6. Bg5 e6 7. f4 Qc7 8. Qe2 Nc6 9. Bxf6 gxf6 10. O-O-O Nxd4 11. Rxd4 Bd7 12. Kb1 Qc5 13. Qd2 Rg8 14. Nd1 Bc6 15. Ne3 Bg7 16. b4 Qa7 17. Rxd6 Ke7 18. Bc4 Rgd8 19. Rd1 Rxd6 20. Qxd6+ Ke8 21. f5 Bf8 22. Qg3 b5 23. Bb3 Qe7 24. fxe6 fxe6 25. Qg4 Bd7 26. a3 Ra7 27. Qf4 Bc8 28. Ng4 Bg7 29. e5 fxe5 30. Nxe5 Qf6 31. Qxf6 Bxf6 32. Re1 Rg7 33. g3 Ke7 34. Nd3 Bg5 35. Re4 Rf7 36. h4 Rf1+ 37. Re1 Rxe1+ 38. Nxe1 Be3 39. Nd3 Kd6 40. c4 bxc4 41. Bxc4 e5 42. Kc2 e4 43. Nf4 Ke5 44. Ne2 Bb6 45. Kd2 1/2-1/2

[Event "94th FRA-ch 2019"]
[Site "Chartres"]
[Date "2019.08.20"]
[Round "4.4"]
[White "Moussard, Jules"]
[Black "Feller, Sebastien"]
[Result "1/2-1/2"]
[ECO "C95"]
[WhiteElo "2595"]
[BlackElo "2577"]
[Annotator "ChessBase"]
[PlyCount "96"]
[EventDate "2019.08.17"]
[EventType "tourn"]
[EventCountry "FRA"]
[SourceTitle "playchess.com"]
[Source "ChessBase"]
[SourceQuality "1"]
[TimeControl "40/5400+30:1800+30"]

1. e4 e5 2. Nf3 Nc6 3. Bb5 a6 4. Ba4 Nf6 5. O-O Be7 6. Re1 b5 7. Bb3 d6 8. c3 O-O 9. h3 Nb8 10. d4 Nbd7 11. Nbd2 Bb7 12. Bc2 Re8 13. Nf1 Bf8 14. Ng3 g6 15. a4 c5 16. d5 c4 17. Bg5 Bg7 18. Qd2 Nc5 19. Nh4 Qe7 20. Re2 Qf8 21. Rf1 Nfd7 22. Ngf5 gxf5 23. Nxf5 Bc8 24. f4 exf4 25. Qxf4 f6 26. Bh4 Re5 27. g4 Rxf5 28. gxf5 Ne5 29. Rg2 Ra7 30. Kh1 Kh8 31. Rfg1 Rf7 32. axb5 axb5 33. Ra1 Bb7 34. Ra5 Bh6 35. Qf1 Qe8 36. Qe2 Rf8 37. Ra7 Bg7 38. Bd1 Qb8 39. Ra5 Qe8 40. Ra7 Qe7 41. Bc2 Ra8 42. Rxa8+ Bxa8 43. Bf2 Ned3 44. Bxc5 Nxc5 45. Qg4 Bb7 46. Rg1 Qf8 47. h4 Bh6 48. Qg3 Bg7 1/2-1/2

[Event "94th FRA-ch 2019"]
[Site "Chartres"]
[Date "2019.08.20"]
[Round "4.5"]
[White "Favarel, Julien"]
[Black "Maze, Sebastien"]
[Result "0-1"]
[ECO "B41"]
[WhiteElo "2333"]
[BlackElo "2554"]
[Annotator "ChessBase"]
[PlyCount "100"]
[EventDate "2019.08.17"]
[EventType "tourn"]
[EventCountry "FRA"]
[SourceTitle "playchess.com"]
[Source "ChessBase"]
[SourceQuality "1"]
[TimeControl "40/5400+30:1800+30"]

1. e4 c5 2. Nf3 e6 3. d4 cxd4 4. Nxd4 a6 5. c4 Nf6 6. Nc3 Bb4 7. Qd3 O-O 8. e5 Ne8 9. a3 Bxc3+ 10. Qxc3 d6 11. exd6 e5 12. Nc2 Nxd6 13. Be2 Nc6 14. O-O Bf5 15. Bd3 Ne4 16. Bxe4 Bxe4 17. Be3 Qd3 18. Nb4 Qxc3 19. bxc3 Na5 20. Rfe1 Nxc4 21. Bc5 Rfc8 22. Rxe4 Rxc5 23. Nd3 Rc7 24. Nxe5 Nxe5 25. Rxe5 Rxc3 26. g3 Rac8 27. Kg2 f6 28. Re7 R8c7 29. Rxc7 Rxc7 30. a4 Kf7 31. Rb1 Ke7 32. h4 Kd7 33. h5 Kc8 34. Rb4 Rc5 35. h6 gxh6 36. Rh4 Ra5 37. Rxh6 Rxa4 38. Rxf6 Rd4 39. f4 a5 40. Rh6 Rd7 41. f5 a4 42. Rh4 b5 43. Rb4 Rb7 44. f6 Kd8 45. Rg4 Rf7 46. Rb4 Rxf6 47. Rxb5 Ra6 48. Kf3 a3 49. Rb1 a2 50. Ra1 Ke7 0-1

[Event "94th FRA-ch 2019"]
[Site "Chartres"]
[Date "2019.08.21"]
[Round "5.1"]
[White "Cornette, Matthieu"]
[Black "Favarel, Julien"]
[Result "1/2-1/2"]
[ECO "A13"]
[WhiteElo "2555"]
[BlackElo "2333"]
[Annotator "ChessBase"]
[PlyCount "160"]
[EventDate "2019.08.17"]
[EventType "tourn"]
[EventCountry "FRA"]
[SourceTitle "playchess.com"]
[Source "ChessBase"]
[SourceQuality "1"]
[TimeControl "40/5400+30:1800+30"]

1. c4 e6 2. g3 d5 3. Bg2 Nf6 4. Nf3 dxc4 5. O-O c5 6. Na3 Nc6 7. Nxc4 Bd7 8. b3 Be7 9. Bb2 O-O 10. a4 Qc7 11. Nfe5 Rfd8 12. e3 Nxe5 13. Nxe5 Be8 14. Rc1 Rac8 15. b4 Nd7 16. Nxd7 Qxd7 17. Qg4 g6 18. bxc5 Rxc5 19. Rxc5 Bxc5 20. Bc3 b6 21. a5 Be7 22. Rb1 Qc7 23. h4 h5 24. Qe4 Rd5 25. axb6 axb6 26. Ra1 Rd8 27. Be5 Qd7 28. Bd4 Bc5 29. Bc3 Qc7 30. g4 hxg4 31. Qxg4 f5 32. Qg5 Be7 33. Qh6 e5 34. h5 Bf6 35. hxg6 Qg7 36. Qxg7+ Kxg7 37. Ra7+ Rd7 38. Ra8 Bxg6 39. Rb8 e4 40. Rxb6 Bxc3 41. dxc3 Rc7 42. Rb3 Kf6 43. Bh3 Kg5 44. Kg2 Rc5 45. Kg3 Bh5 46. Bf1 Bf7 47. c4 Rc8 48. Rb4 Rc7 49. f4+ exf3 50. Kxf3 Be6 51. Bd3 Rc8 52. Rb5 Bxc4 53. Rxf5+ Kh6 54. Bxc4 Rxc4 55. Rf4 Rc8 56. Rg4 Rf8+ 57. Ke4 Kh5 58. Rg3 Re8+ 59. Kf5 Rf8+ 60. Ke5 Re8+ 61. Kd4 Rd8+ 62. Kc4 Re8 63. Kd3 Rd8+ 64. Ke2 Re8 65. Rg1 Kh4 66. Rg2 Kh5 67. Rg3 Kh4 68. Kf2 Kh5 69. Rg7 Kh6 70. Rg1 Kh5 71. Kf3 Rf8+ 72. Ke2 Re8 73. Rg2 Kh4 74. Rg1 Kh5 75. Rg3 Kh4 76. Rg6 Kh5 77. Rd6 Kg5 78. Kd3 Kf5 79. Kd4 Re4+ 80. Kd3 Re8 1/2-1/2

[Event "94th FRA-ch 2019"]
[Site "Chartres"]
[Date "2019.08.21"]
[Round "5.4"]
[White "Maze, Sebastien"]
[Black "Gozzoli, Yannick"]
[Result "1/2-1/2"]
[ECO "C77"]
[WhiteElo "2554"]
[BlackElo "2614"]
[Annotator "RC"]
[PlyCount "91"]
[EventDate "2019.08.17"]
[EventType "tourn"]
[EventCountry "FRA"]
[SourceTitle "playchess.com"]
[Source "ChessBase"]
[SourceQuality "1"]
[TimeControl "40/5400+30:1800+30"]

1. e4 e5 2. Nf3 Nc6 3. Bb5 a6 4. Ba4 Nf6 5. Nc3 Bd6 6. d3 h6 7. a3 b5 8. Bb3 Bb7 9. Nd5 Bc5 10. c3 d6 11. Nxf6+ Qxf6 12. Bd5 Rb8 13. b4 Bb6 14. a4 Nd8 15. Bxb7 Rxb7 16. axb5 axb5 17. Be3 O-O 18. Ra6 Ne6 19. O-O Rd8 20. d4 exd4 21. cxd4 d5 22. e5 Qe7 23. Qd2 Rbb8 24. Rfa1 Qf8 25. Nh4 Ra8 26. Rxa8 Rxa8 27. Rb1 Ra3 28. Nf5 Qa8 29. h4 Ra1 30. Rxa1 Qxa1+ 31. Kh2 Qa8 32. Qe2 Qe8 33. Qg4 Kh7 34. Qf3 Qd7 35. Qh5 c6 36. Qg4 Qe8 37. Nd6 Qf8 38. f4 Bc7 39. f5 Bxd6 40. fxe6 Bxb4 41. Qf5+ Kg8 42. exf7+ Qxf7 43. Qc8+ Kh7 44. Qxc6 Be7 45. Qxb5 Bxh4 46. Qd3+ 1/2-1/2

[Event "94th FRA-ch 2019"]
[Site "Chartres"]
[Date "2019.08.21"]
[Round "5.5"]
[White "Feller, Sebastien"]
[Black "Gharamian, Tigran"]
[Result "1/2-1/2"]
[ECO "C45"]
[WhiteElo "2577"]
[BlackElo "2586"]
[Annotator "ChessBase"]
[PlyCount "57"]
[EventDate "2019.08.17"]
[EventType "tourn"]
[EventCountry "FRA"]
[SourceTitle "playchess.com"]
[Source "ChessBase"]
[SourceQuality "1"]
[TimeControl "40/5400+30:1800+30"]

1. e4 e5 2. Nf3 Nc6 3. d4 exd4 4. Nxd4 Nf6 5. Nxc6 bxc6 6. Qe2 Qe7 7. Nc3 Rb8 8. Qe3 Qc5 9. Qg3 g6 10. Bd3 d6 11. O-O Bg7 12. a3 Ng4 13. h3 Be5 14. Bf4 Bxf4 15. Qxf4 Qe5 16. Qxe5+ Nxe5 17. b4 a5 18. Rab1 axb4 19. axb4 O-O 20. b5 Nxd3 21. cxd3 cxb5 22. Nxb5 Ba6 23. Nxc7 Bxd3 24. Rxb8 Rxb8 25. Re1 Bc4 26. Rd1 Rc8 27. Nd5 Bxd5 28. Rxd5 Rc6 29. e5 1/2-1/2

[Event "94th FRA-ch 2019"]
[Site "Chartres"]
[Date "2019.08.22"]
[Round "6.1"]
[White "Edouard, Romain"]
[Black "Feller, Sebastien"]
[Result "1/2-1/2"]
[ECO "D00"]
[WhiteElo "2650"]
[BlackElo "2577"]
[Annotator "ChessBase"]
[PlyCount "39"]
[EventDate "2019.08.17"]
[EventType "tourn"]
[EventCountry "FRA"]
[SourceTitle "playchess.com"]
[Source "ChessBase"]
[SourceQuality "1"]
[TimeControl "40/5400+30:1800+30"]

1. d4 d5 2. Bf4 Nf6 3. e3 c5 4. c3 Nc6 5. Nd2 Qb6 6. Qb3 c4 7. Qc2 g6 8. e4 Qd8 9. Bg5 Bg7 10. Bxf6 Bxf6 11. exd5 Qxd5 12. Nxc4 e5 13. Ne3 Qa5 14. d5 Nd4 15. Qd1 O-O 16. Ne2 Nf5 17. Nxf5 Bxf5 18. Ng3 e4 19. Qd2 Rac8 20. Nxf5 1/2-1/2

[Event "94th FRA-ch 2019"]
[Site "Chartres"]
[Date "2019.08.22"]
[Round "6.2"]
[White "Gharamian, Tigran"]
[Black "Fressinet, Laurent"]
[Result "1/2-1/2"]
[ECO "C45"]
[WhiteElo "2586"]
[BlackElo "2625"]
[Annotator "ChessBase"]
[PlyCount "35"]
[EventDate "2019.08.17"]
[EventType "tourn"]
[EventCountry "FRA"]
[SourceTitle "playchess.com"]
[Source "ChessBase"]
[SourceQuality "1"]
[TimeControl "40/5400+30:1800+30"]

1. e4 e5 2. Nf3 Nc6 3. d4 exd4 4. Nxd4 Nf6 5. Nxc6 bxc6 6. e5 Qe7 7. Qe2 Nd5 8. h4 d6 9. c4 Nb6 10. exd6 cxd6 11. Be3 d5 12. Nd2 dxc4 13. g3 Be6 14. Bg2 Qc7 15. O-O Be7 16. b3 O-O 17. bxc4 Rad8 18. Rac1 1/2-1/2

[Event "94th FRA-ch 2019"]
[Site "Chartres"]
[Date "2019.08.22"]
[Round "6.3"]
[White "Favarel, Julien"]
[Black "Lagarde, Maxime"]
[Result "0-1"]
[ECO "B56"]
[WhiteElo "2333"]
[BlackElo "2626"]
[Annotator "ChessBase"]
[PlyCount "86"]
[EventDate "2019.08.17"]
[EventType "tourn"]
[EventCountry "FRA"]
[SourceTitle "playchess.com"]
[Source "ChessBase"]
[SourceQuality "1"]
[TimeControl "40/5400+30:1800+30"]

1. e4 c5 2. Nf3 d6 3. d4 cxd4 4. Nxd4 Nf6 5. Nc3 Nc6 6. f3 e5 7. Nb3 Be7 8. Be3 Be6 9. Qd2 d5 10. exd5 Nxd5 11. Nxd5 Qxd5 12. Qxd5 Bxd5 13. O-O-O O-O-O 14. Bb5 Kc7 15. Rd2 a6 16. Be2 Nb4 17. Kb1 Be6 18. Rxd8 Rxd8 19. Rd1 Bf5 20. Na1 Nd5 21. Bf2 a5 22. a3 Bxa3 23. Bg3 f6 24. Nb3 Bxc2+ 25. Kxc2 Ne3+ 26. Kc1 Bxb2+ 27. Kxb2 Nxd1+ 28. Bxd1 Rxd1 29. Nxa5 Rg1 30. f4 Rxg2+ 31. Kc3 b6 32. Nc4 exf4 33. Bxf4+ Kc6 34. Ne3 Ra2 35. Nf5 g5 36. Bd2 Ra3+ 37. Kd4 Rh3 38. Ne7+ Kd6 39. Nc8+ Ke6 40. Nxb6 Rxh2 41. Ke3 h5 42. Be1 h4 43. Nc4 h3 0-1

[Event "94th FRA-ch 2019"]
[Site "Chartres"]
[Date "2019.08.22"]
[Round "6.4"]
[White "Maze, Sebastien"]
[Black "Cornette, Matthieu"]
[Result "1/2-1/2"]
[ECO "C45"]
[WhiteElo "2554"]
[BlackElo "2555"]
[Annotator "ChessBase"]
[PlyCount "35"]
[EventDate "2019.08.17"]
[EventType "tourn"]
[EventCountry "FRA"]
[SourceTitle "playchess.com"]
[Source "ChessBase"]
[SourceQuality "1"]
[TimeControl "40/5400+30:1800+30"]

1. e4 e5 2. Nf3 Nc6 3. d4 exd4 4. Nxd4 Qf6 5. Nb5 Bc5 6. Qe2 Bb6 7. N1c3 Nge7 8. Be3 Ba5 9. O-O-O a6 10. Nd5 Nxd5 11. exd5 axb5 12. Bg5+ Qe5 13. dxc6 Qxe2 14. cxd7+ Bxd7 15. Bxe2 c6 16. a3 Be6 17. c3 O-O 18. Be3 1/2-1/2

[Event "94th FRA-ch 2019"]
[Site "Chartres"]
[Date "2019.08.22"]
[Round "6.5"]
[White "Gozzoli, Yannick"]
[Black "Moussard, Jules"]
[Result "1/2-1/2"]
[ECO "A88"]
[WhiteElo "2614"]
[BlackElo "2595"]
[Annotator "ChessBase"]
[PlyCount "88"]
[EventDate "2019.08.17"]
[EventType "tourn"]
[EventCountry "FRA"]
[SourceTitle "playchess.com"]
[Source "ChessBase"]
[SourceQuality "1"]
[TimeControl "40/5400+30:1800+30"]

1. d4 d6 2. Nf3 g6 3. c4 f5 4. Nc3 Nf6 5. g3 Bg7 6. Bg2 O-O 7. O-O c6 8. Re1 Ne4 9. Qc2 Nxc3 10. bxc3 e5 11. dxe5 dxe5 12. Ba3 Re8 13. Rad1 Qf6 14. e4 f4 15. Rd6 Be6 16. Bh3 Bf8 17. Rxe6 Rxe6 18. Bxe6+ Qxe6 19. Bxf8 Kxf8 20. Qb3 b6 21. Qa3+ c5 22. Qa4 h6 23. Rd1 Nc6 24. Rd5 g5 25. Qd1 Ke7 26. Ne1 Nd8 27. Nd3 Nf7 28. Qh5 Rg8 29. Kg2 Kf6 30. h3 Kg7 31. Kh2 Re8 32. Kg2 Re7 33. Qd1 Qg6 34. Qe2 Nd6 35. Nxe5 Qxe4+ 36. Qf3 Re6 37. gxf4 gxf4 38. Qxe4 Nxe4 39. Rd7+ Kg8 40. Nd3 Rf6 41. Kf3 Re6 42. Kg2 Kf8 43. Rxa7 Nxc3 44. Rb7 Re4 1/2-1/2

[Event "94th FRA-ch 2019"]
[Site "Chartres"]
[Date "2019.08.23"]
[Round "7.4"]
[White "Moussard, Jules"]
[Black "Gharamian, Tigran"]
[Result "1/2-1/2"]
[ECO "B93"]
[WhiteElo "2595"]
[BlackElo "2586"]
[Annotator "ChessBase"]
[PlyCount "81"]
[EventDate "2019.08.17"]
[EventType "tourn"]
[EventCountry "FRA"]
[SourceTitle "playchess.com"]
[Source "ChessBase"]
[SourceQuality "1"]
[TimeControl "40/5400+30:1800+30"]

1. e4 c5 2. Nf3 d6 3. d4 cxd4 4. Nxd4 Nf6 5. Nc3 a6 6. Bd3 g6 7. f4 Bg7 8. Nf3 Qb6 9. Qe2 Nc6 10. Rb1 O-O 11. Be3 Qc7 12. O-O b5 13. Kh1 Bb7 14. f5 e6 15. Qd2 Ne5 16. Nxe5 dxe5 17. fxe6 fxe6 18. a3 Rad8 19. Qe2 Nh5 20. g3 Nf6 21. h3 Nd7 22. Kh2 Nc5 23. Rxf8+ Rxf8 24. Rf1 Rd8 25. Qg4 Nxd3 26. Qxe6+ Kh8 27. Rf7 Bc8 28. Qd5 Rd7 29. Rxd7 Qxd7 30. Qxd7 Bxd7 31. cxd3 Kg8 32. g4 Kf7 33. g5 Bf8 34. b4 a5 35. bxa5 b4 36. axb4 Bxb4 37. Nd1 Bxa5 38. Nb2 Bc3 39. Nd1 Be1 40. Kg2 Ba4 41. Kf1 1/2-1/2

[Event "94th FRA-ch 2019"]
[Site "Chartres"]
[Date "2019.08.23"]
[Round "7.5"]
[White "Feller, Sebastien"]
[Black "Favarel, Julien"]
[Result "1/2-1/2"]
[ECO "D00"]
[WhiteElo "2577"]
[BlackElo "2333"]
[Annotator "ChessBase"]
[PlyCount "92"]
[EventDate "2019.08.17"]
[EventType "tourn"]
[EventCountry "FRA"]
[SourceTitle "playchess.com"]
[Source "ChessBase"]
[SourceQuality "1"]
[TimeControl "40/5400+30:1800+30"]

1. d4 d5 2. Bg5 Nd7 3. Nd2 h6 4. Bh4 Ngf6 5. e3 e6 6. c3 Be7 7. f4 b6 8. Bd3 Bb7 9. Qf3 c5 10. Bxf6 Bxf6 11. Qe2 a6 12. Ngf3 Be7 13. O-O O-O 14. Ne5 b5 15. Rf2 b4 16. Raf1 Bd6 17. g4 Bxe5 18. fxe5 f6 19. exf6 Rxf6 20. cxb4 cxb4 21. Nb3 Rxf2 22. Qxf2 Qe7 23. Na5 Nf6 24. Qf4 Rc8 25. g5 hxg5 26. Qxg5 Rc7 27. Nb3 Bc8 28. Qg3 e5 29. Bg6 exd4 30. Nxd4 Ne4 31. Bxe4 dxe4 32. Kh1 Rc5 33. Rg1 Rh5 34. Qb8 Qf8 35. Rc1 Bh3 36. Qxf8+ Kxf8 37. Ne2 Bg4 38. Nf4 Bf3+ 39. Kg1 Ra5 40. a3 bxa3 41. bxa3 Rxa3 42. Kf2 Kg8 43. h4 Kh7 44. Rc6 Bg4 45. Ng6 Bf5 46. Ne5 Ra5 1/2-1/2

[Event "94th FRA-ch 2019"]
[Site "Chartres"]
[Date "2019.08.24"]
[Round "8.2"]
[White "Edouard, Romain"]
[Black "Moussard, Jules"]
[Result "0-1"]
[ECO "A80"]
[WhiteElo "2650"]
[BlackElo "2595"]
[Annotator "RC"]
[PlyCount "136"]
[EventDate "2019.08.17"]
[EventType "tourn"]
[EventCountry "FRA"]
[SourceTitle "playchess.com"]
[Source "ChessBase"]
[SourceQuality "1"]
[TimeControl "40/5400+30:1800+30"]

1. d4 f5 2. Bf4 Nf6 3. e3 g6 4. h4 h6 5. Qf3 d6 6. Nc3 Bg7 7. Bc4 e6 8. O-O-O Nc6 9. Nge2 Bd7 10. Qg3 Ne7 11. f3 Rb8 12. e4 b5 13. Bd3 b4 14. Nb1 Nh5 15. Qf2 fxe4 16. Bxe4 O-O 17. Bh2 Nf6 18. Qe3 Ned5 19. Qd2 Nxe4 20. fxe4 Nf6 21. Nf4 Ng4 22. Nxg6 Rf2 23. Qd3 Bb5 24. Qh3 h5 25. Nf4 Nxh2 26. Qxe6+ Kh8 27. Nxh5 Qxh4 28. Nxg7 Kxg7 29. Nd2 Qg4 30. Qb3 Be2 31. Qe3 Rbf8 32. Rdg1 Qh4 33. d5 R8f6 34. e5 R6f5 35. e6 Kf8 36. Qxa7 Bh5 37. Nf3 Qf4+ 38. Kb1 Rxc2 39. Kxc2 Qe4+ 40. Kc1 Rxd5 41. e7+ Kg7 42. Re1 Qf5 43. e8=N+ Bxe8 44. Qxc7+ Bf7 45. Rxh2 Rc5+ 46. Qxc5 Qxc5+ 47. Kb1 Qc4 48. Rh4 Qxa2+ 49. Kc1 Bg6 50. Rd4 Qb1+ 51. Kd2 Qxb2+ 52. Ke3 b3 53. Rxd6 Qc3+ 54. Kf4 Qc7 55. Ree6 Bf7 56. Rf6 b2 57. Nd2 Bd5 58. Ke3 Qc3+ 59. Ke2 Bc4+ 60. Kf2 Bd3 61. Ke3 Bg6+ 62. Kf2 Qc5+ 63. Kf3 Bh5+ 64. Kg3 Qe3+ 65. Kh2 Qe5+ 66. Kg1 Bf7 67. Kf2 Bc4 68. Nxc4 Qc5+ {[%emt 0:12:15] Nd2 Qe5 Kg1 Qxf6 Rd3 Kh6 Rh3+ Kg6 Rg3+ Kh5 Rf3 Qd4+ Rf2 Kg4} 0-1

[Event "94th FRA-ch 2019"]
[Site "Chartres"]
[Date "2019.08.24"]
[Round "8.5"]
[White "Maze, Sebastien"]
[Black "Feller, Sebastien"]
[Result "1/2-1/2"]
[ECO "B30"]
[WhiteElo "2554"]
[BlackElo "2577"]
[Annotator "ChessBase"]
[PlyCount "74"]
[EventDate "2019.08.17"]
[EventType "tourn"]
[EventCountry "FRA"]
[SourceTitle "playchess.com"]
[Source "ChessBase"]
[SourceQuality "1"]
[TimeControl "40/5400+30:1800+30"]

1. e4 c5 2. Nc3 Nc6 3. Nf3 e5 4. Bc4 g6 5. a3 Bg7 6. d3 h6 7. Nd2 d6 8. Nf1 Nge7 9. Ne3 O-O 10. b4 Kh7 11. b5 Nd4 12. Ncd5 f5 13. c3 Ne6 14. Ra2 Nc7 15. Nxc7 Qxc7 16. f3 Bd7 17. Qb3 a6 18. b6 Qd8 19. a4 Bc6 20. a5 Qd7 21. Be6 Qe8 22. O-O Rd8 23. Re1 Bd7 24. Bc4 Bc6 25. Bd2 f4 26. Nd5 Bxd5 27. exd5 Qf7 28. Qd1 Nf5 29. Qe2 h5 30. Qe4 Rde8 31. Bc1 Bh6 32. Rae2 Ne3 33. Bb3 Qf6 34. Bxe3 fxe3 35. Rf1 Qg7 36. g3 Re7 37. Bc2 Rf6 1/2-1/2

[Event "94th FRA-ch 2019"]
[Site "Chartres"]
[Date "2019.08.25"]
[Round "9.1"]
[White "Feller, Sebastien"]
[Black "Cornette, Matthieu"]
[Result "1/2-1/2"]
[ECO "D39"]
[WhiteElo "2577"]
[BlackElo "2555"]
[Annotator "ChessBase"]
[PlyCount "57"]
[EventDate "2019.08.17"]
[EventType "tourn"]
[EventCountry "FRA"]
[SourceTitle "playchess.com"]
[Source "ChessBase"]
[SourceQuality "1"]
[TimeControl "40/5400+30:1800+30"]

1. d4 Nf6 2. c4 e6 3. Nf3 d5 4. Nc3 dxc4 5. e4 Bb4 6. Bg5 c5 7. e5 cxd4 8. Qa4+ Nc6 9. O-O-O Bd7 10. Ne4 Be7 11. exf6 gxf6 12. Bh4 Rc8 13. Kb1 Na5 14. Qc2 e5 15. Nxd4 exd4 16. Rxd4 Qb6 17. Rxd7 Kxd7 18. Be2 Ke8 19. Bg4 Rd8 20. Qc3 Rd3 21. Nxf6+ Bxf6 22. Qxf6 Qxf6 23. Bxf6 Rg8 24. Re1+ Kf8 25. Be7+ Kg7 26. Re5 Re8 27. Rg5+ Kh6 28. Rh5+ Kg6 29. Rg5+ {[%emt 0:53:03] Kg7} 1/2-1/2